 Dungeon Crawl Stone Soup version 0.29-a0-275-g389c0b56f3 (webtiles) character file.

Game seed: 8688609870953719601

4445 AlmostDecent the Archer (level 10, 0/84 HPs)
             Began as a Minotaur Hunter on Mar 10, 2022.
             Was an Initiate of Gozag.
             Slain by Erica
             ... wielding a +4 scimitar of flaming
              (5 damage)
             ... on level 9 of the Dungeon.
             The game lasted 00:31:57 (9012 turns).

AlmostDecent the Archer (Minotaur Hunter)           Turns: 9012, Time: 00:31:57

Health: 0/84       AC: 16    Str: 17    XL:     10   Next: 15%
Magic:  9/9        EV: 12    Int: 10    God:    Gozag
Gold:   808        SH:  0    Dex: 15    Spells: 9/9 levels left

rFire   + . .      SeeInvis +   f - +0 falchion
rCold   + . .      Faith    .   (no shield)
rNeg    + . .      Spirit   .   b - +3 leather armour {rC+}
rPois   .          Reflect  .   d - +3 crown of Dyrovepreva {rElec Int+2 SInv}
rElec   +          Harm     .   (no cloak)
rCorr   .          Rampage  .   t - +2 pair of gloves {Stlth+}
Will    .....                   E - +2 pair of boots
Stlth   ++........              (no amulet)
HPRegen 0.24/turn               j - ring of positive energy
MPRegen 0.11/turn               x - ring of protection from fire

@: confused, gold aura, on berserk cooldown, slowed, very slow
A: horns 2, retaliatory headbutt
a: Renounce Religion, Potion Petition, Call Merchant, Bribe Branch


You were on level 9 of the Dungeon.
You worshipped Gozag.
Gozag was pleased with you.
You visited 1 branch of the dungeon, and saw 9 of its levels.

You collected 2269 gold pieces.
You spent 1006 gold pieces at shops.
You paid 455 gold pieces to Gozag.

Inventory:

Hand Weapons
 a - a +1 shortbow
 f - a +0 falchion (weapon)
Missiles
 w - a throwing net
 z - 3 boomerangs of dispersal
Armour
 b - a +3 leather armour of cold resistance (worn)
 d - the +3 crown of Dyrovepreva (worn) {rElec Int+2 SInv}
   (You bought it in a shop on level 4 of the Dungeon)

   Int:       It affects your intelligence (+2).
   rElec:     It insulates you from electricity.
   SInv:      It lets you see invisible.
 e - a +4 chain mail
 t - a +2 pair of gloves of stealth (worn)
 y - a +0 ring mail of fire resistance
 C - a +1 leather armour of poison resistance
 E - a +2 pair of boots (worn)
Jewellery
 j - a ring of positive energy (left hand)
 x - a ring of protection from fire (right hand)
 D - a ring of ice
Wands
 g - a wand of flame (43)
 r - a wand of iceblast (6)
 A - a wand of acid (25)
Scrolls
 c - 3 scrolls of immolation
 i - a scroll of enchant weapon
 l - a scroll of brand weapon {unknown}
 n - a scroll of noise {unknown}
 p - 4 scrolls of teleportation
 q - a scroll of magic mapping {unknown}
 s - a scroll of torment {unknown}
 B - a scroll of silence {unknown}
 F - a scroll of enchant armour
Potions
 h - a potion of berserk rage
 k - a potion of cancellation {unknown}
 m - a potion of resistance
 o - 3 potions of flight
 u - a potion of magic
 v - 2 potions of attraction {unknown}


   Skills:
 + Level 6.8 Fighting
 + Level 1.0 Long Blades
 * Level 14.3 Bows
 + Level 4.9 Armour
 + Level 3.2 Dodging
 + Level 2.1 Stealth


You had 9 spell levels left.
You didn't know any spells.
Your spell library was empty.

Dungeon Overview and Level Annotations

Branches:
Dungeon (9/15)             Temple (0/1) D:6
   Lair: D:8-11         Orc: D:9-12

Altars:
Gozag
Uskayaw

Shops:
D:2 [   D:4 *

Annotations:
D:7 1 runed translucent door, Crazy Yiuf
D:8 3 runed translucent doors, Dordric's ghost, novice BaIE
D:9 Erica


Innate Abilities, Weirdness & Mutations

You have a pair of horns on your head.
You reflexively headbutt those who attack you in melee.


Message History

Erica closely misses you.
You barely miss Erica.
Erica is lightly wounded.
The orc is no longer distracted by gold.
The wraith is no longer distracted by gold.
Erica gestures at you while chanting. The lance of force hits you!!
* * * LOW HITPOINT WARNING * * *
You are knocked back by the lance of force.
You slam into the rock wall!
The orc is distracted by your dazzling golden aura.
The orc shouts!
You hear a shout!
Erica points at you and mumbles some strange words.
You are more confused.
Erica screams, "I'll never tell where it is!"
You bump into the rock wall.
You feel a strong urge to attack something.
Erica hits you with a +4 scimitar of flaming!
* * * LOW HITPOINT WARNING * * *
Erica burns you.
* * * LOW HITPOINT WARNING * * *
You slash Erica!
Erica is moderately wounded.
The orc is no longer distracted by gold. x2
The gnoll is distracted by your dazzling golden aura.
Erica gestures at you while chanting. You resist with significant effort.
You're too confused to move!
The orc wizard is no longer distracted by gold.
The gnoll hits you from afar with a +0 halberd.
* * * LOW HITPOINT WARNING * * *
Erica closely misses you.
You bump into the rock wall.
You feel a strong urge to attack something.
You are no longer berserk.
You are exhausted.
You feel yourself slow down.
Erica hits you with a +4 scimitar of flaming.
You die...
Your body crumbles into a pile of gold.

#...... #......##
#.......#####
#............
#.......#####
#.......# +..>....#
#+###########
#.......#
...ogo$og@@.#
#.......#
....Wo#####.#
#.......# .....
#####'###.......#
....
#.......##.######
... #.......##..##
#.#.###.....).##...#
# #................#
#.#####.'########'.#
#.......#.......)#)#


You could see Erica (fast, invisible), a wraith, an orc wizard, 2 gnolls and 3
orcs.

Vanquished Creatures
  A two-headed ogre (D:8)
  A cyclops (D:8)
  A wraith (D:6)
  A steam dragon (D:6)
  A water moccasin (D:8)
  2 ice beasts
  Duvessa (D:7)
  2 orc warriors
  3 sky beasts
  An ogre (D:4)
  4 centaurs
  2 kobold brigands
  Blork the orc (D:4)
  2 bullfrogs
  A gnoll sergeant (D:9)
  2 scorpions
  4 wights (D:9)
  Dowan (D:7)
  3 howler monkeys (D:8)
  2 jellies (D:7)
  6 hounds
  8 orc priests
  Jessica (D:2)
  2 iguanas
  Natasha (thrice) (D:4)
  6 orc wizards
  9 gnolls
  3 adders
  A white imp (D:7)
  An ufetubus (D:5)
  2 worms (D:3)
  2 dart slugs
  42 orcs
  5 endoplasms
  4 giant cockroaches
  5 goblins
  4 hobgoblins
  13 jackals
  A quokka (D:4)
  4 ball pythons
  4 bats (D:1)
  2 frilled lizards
  17 kobolds
  9 rats
190 creatures vanquished.

Notes
Turn   | Place    | Note
-------+----------+-------------------------------------------
     0 | D:1      | AlmostDecent the Minotaur Hunter began the quest for the
                  | Orb.
     0 | D:1      | Reached XP level 1. HP: 18/18 MP: 0/0
    94 | D:1      | Reached XP level 2. HP: 25/25 MP: 1/1
   152 | D:1      | Reached skill level 5 in Bows
   283 | D:1      | Found a faded altar of an unknown god.
   306 | D:1      | Prayed at the altar of an unknown god.
   306 | D:1      | Became a worshipper of Gozag Ym Sagoz the Greedy
   777 | D:2      | Reached XP level 3. HP: 26/30 MP: 2/2
   876 | D:2      | Noticed Jessica
   878 | D:2      | Killed Jessica
  1124 | D:2      | Found Husaih's Antique Armour Shoppe.
  1153 | D:2      | Reached skill level 6 in Bows
  1153 | D:2      | Reached XP level 4. HP: 27/37 MP: 3/3
  1737 | D:2      | Bought a pair of glowing gloves for 142 gold pieces
  2237 | D:3      | Reached XP level 5. HP: 30/45 MP: 4/4
  2690 | D:4      | Noticed an ogre
  2725 | D:4      | Noticed a sky beast
  2754 | D:4      | Killed a sky beast
  2755 | D:4      | Reached skill level 7 in Bows
  2755 | D:4      | Reached skill level 1 in Armour
  2755 | D:4      | Reached skill level 1 in Stealth
  2852 | D:4      | Reached XP level 6. HP: 33/51 MP: 5/5
  3067 | D:4      | Identified a scroll of acquirement
  3067 | D:4      | Acquired 739 gold pieces
  3114 | D:4      | Noticed Natasha
  3121 | D:4      | Killed Natasha
  3122 | D:4      | Reached skill level 8 in Bows
  3261 | D:4      | Noticed Natasha
  3267 | D:4      | Killed Natasha
  3268 | D:4      | Reached skill level 1 in Long Blades
  3581 | D:4      | Noticed Natasha
  3589 | D:4      | Killed Natasha
  3590 | D:4      | Reached XP level 7. HP: 58/58 MP: 6/6
  3677 | D:4      | Noticed Blork the orc
  3682 | D:4      | Killed Blork the orc
  3922 | D:4      | Reached skill level 9 in Bows
  3970 | D:4      | Found a hide-covered altar of Uskayaw.
  3999 | D:4      | Bought a distressingly furry cloak for 161 gold pieces
  3999 | D:4      | Identified the -2 cloak of Cowardice {Dex+3} (You bought it
                  | in a shop on level 4 of the Dungeon)
  4040 | D:5      | Entered Level 5 of the Dungeon
  4506 | D:4      | Bought the +3 crown of Dyrovepreva {rElec Int+2 SInv} for
                  | 703 gold pieces
  4506 | D:4      | Found the +3 crown of Dyrovepreva {rElec Int+2 SInv}
  4632 | D:5      | Reached XP level 8. HP: 34/67 MP: 7/7
  4634 | D:5      | Reached skill level 10 in Bows
  5473 | D:6      | Reached skill level 5 in Fighting
  5586 | D:6      | Found a staircase to the Ecumenical Temple.
  5799 | D:6      | Identified the +0 robe "Jeplen" {rElec}
  5910 | D:6      | Reached skill level 11 in Bows
  6631 | D:7      | Reached XP level 9. HP: 74/74 MP: 8/8
  6687 | D:7      | Found a runed translucent door.
  6688 | D:7      | Noticed Crazy Yiuf
  6829 | D:7      | Reached skill level 12 in Bows
  7016 | D:7      | Noticed Dowan
  7020 | D:7      | Noticed Duvessa
  7032 | D:7      | Killed Duvessa
  7036 | D:7      | Killed Dowan
  7477 | D:8      | Noticed Dordric's ghost (novice BaIE)
  7477 | D:8      | Noticed a cyclops
  7485 | D:8      | Found a runed translucent gate.
  7485 | D:8      | Found a runed translucent gate.
  7485 | D:8      | Found a runed translucent gate.
  7979 | D:8      | Noticed a cyclops
  7994 | D:8      | Killed a cyclops
  7995 | D:8      | Reached skill level 13 in Bows
  8162 | D:8      | Noticed a two-headed ogre
  8464 | D:8      | Killed a two-headed ogre
  8465 | D:8      | Reached skill level 14 in Bows
  8465 | D:8      | Reached XP level 10. HP: 45/84 MP: 9/9
  8986 | D:9      | Noticed Erica
  9012 | D:9      | Slain by Erica

Illustrated notes

Levels and vault maps discovered:
D:1:      dpeg_arrival_central, layout_loops_ring,
          hellmonk_ecumenical_altar_lost_god
D:2:      layout_basic, serial_shops, shop, serial_curves, eino_curves_03,
          eino_curves_03, supply_closet_lemuel, uniq_jessica
D:3:      layout_loops_cross, minmay_quadrilaterals
D:4:      layout_loops_ring, kennysheep_little_box, minmay_misc_feat_five,
          minmay_stone_trees_small, uniq_natasha, uniq_blork_the_orc
D:5:      layout_loops_ring, kennysheep_cross_bottleneck
D:6:      layout_cave_pools, temple_statues, hellmonk_bongcloud_opening,
          abandoned_shop, lightli_orcish_oven
D:7:      layout_gridville, uniq_crazy_yiuf_cottage, uniq_duvessa
D:8:      layout_basic, gammafunk_ghost_split, grunt_tough_drop
D:9:      layout_basic, chequers_temple_overflow_statue_of_worship,
          minmay_shop_mayhem, minivault_11, kennysheep_windowed_goal,
          uniq_psyche, uniq_erica

Skill      XL: |  1  2  3  4  5  6  7  8  9 |
---------------+----------------------------+-----
Bows           | 5 6 7 8 9 11 14 | 14.3
Fighting       | 3 4 5 6 |  6.8
Armour         | 1 2 3 4 |  4.9
Stealth        | 1 2 |  2.1
Long Blades    | 1 |  1.0
Dodging        | 3 |  3.2

Action                   |  1- 3 |  4- 6 |  7- 9 | 10-12 || total
-------------------------+-------+-------+-------+-------++-------
Melee: Falchion          |       |    29 |     1 |     2 ||    32
       Headbutt          |       |     4 |     1 |       ||     5
       Punch             |       |     1 |       |       ||     1
 Fire: Shortbow          |    85 |   142 |   465 |    75 ||   767
Invok: Call Merchant     |       |       |     1 |       ||     1
  Use: Scroll            |       |    10 |     4 |       ||    14
       Potion            |       |     1 |     1 |     1 ||     3
Armor: Leather armour    |     6 |    28 |    10 |    13 ||    57
       Ring mail         |       |     6 |   105 |       ||   111
Dodge: Dodged            |    19 |    62 |   150 |    23 ||   254

Table legend: (Time is in decaauts)
 A = Elapsed time spent in this place.
 B = Non-inter-level travel time spent in this place.
 C = Inter-level travel time spent in this place.
 D = Time resting spent in this place.
 E = Time spent auto-exploring this place.
 F = Levels seen in this place.
 G = Mean time per level.
                   A        B        C        D        E       F      G
               +--------+--------+--------+--------+--------+-----+--------+
         Total |   9088 |   8420 |    668 |    514 |   6239 |   9 | 1009.8 |
       Dungeon |   9088 |   8420 |    668 |    514 |   6239 |   9 | 1009.8 |
               +--------+--------+--------+--------+--------+-----+--------+

Top non-repeatable levels by time:
     D:4: 1701 daAuts
     D:7: 1313 daAuts
     D:8: 1111 daAuts
     D:5: 1089 daAuts
     D:2: 1003 daAuts
     D:3: 953 daAuts
     D:6: 877 daAuts
     D:1: 773 daAuts
     D:9: 264 daAuts
